[Event "ICC Open 2015"]
[Site "Internet Chess Club"]
[Date "2015.05.29"]
[Round "9"]
[White "legatus"]
[Black "Hareaum"]
[Result "1-0"]
[ICCResult "Black forfeits on time"]
[WhiteElo "2366"]
[BlackElo "1819"]
[Opening "Scandinavian defense"]
[ECO "B01"]
[NIC "SD.03"]
[Time "15:39:46"]
[TimeControl "180+0"]

1. e4 d5 2. exd5 Nf6 3. Nc3 Nxd5 4. Nf3 c6 5. Bc4 Be6 6. Bb3 Nxc3 7. bxc3
Bxb3 8. axb3 e6 9. O-O Bd6 10. d3 O-O 11. c4 Nd7 12. Bb2 Be7 13. d4 Bf6 14.
Qe2 g6 15. Rfd1 Bg7 16. Rd3 a6 17. Rad1 Nf6 18. Ba3 Re8 19. Ne5 Nd7 20. Qf3
Nxe5 21. dxe5 Qa5 22. Rd7 Rf8 23. Bxf8 Rxf8 24. Rxb7 Qxe5 25. Qxc6 a5 26. g3
Qe2 27. Rbd7 Bc3 28. Qb5 h5 29. h4 e5 30. Qd5 g5 31. hxg5 h4 32. gxh4 Bd4
33. Rxd4 exd4 34. Qxd4 Qe1+ 35. Kg2 Qe6 36. Rd6 Qe1 37. Rh6 f6 38. Rxf6 Rxf6
39. Qxf6 Qe4+ 40. Kg3 Qxc2 41. h5 Qd3+ 42. f3 Qf1 43. h6 Qe1+ 44. Kf4 Qc1+
45. Kf5 Qc2+ 46. Ke6 Qe2+ 47. Qe5 Qxe5+ 48. Kxe5 Kh7 49. f4 a4 50. Kd4 a3
51. g6+ Kxg6 52. h7 a2 53. c5 a1=Q+ 54. Kd5 Qh8 55. b4 Kxh7 56. b5 Qd8+ 57.
Kc6 Kg6 58. b6 Kf6 59. b7 Ke7 60. Kb5 Qd7+ 61. c6 {Black forfeits on time}
1-0

[Event "ICC Open 2015"]
[Site "Internet Chess Club"]
[Date "2015.05.29"]
[Round "9"]
[White "holderlin"]
[Black "Galaad"]
[Result "0-1"]
[ICCResult "White forfeits on time"]
[WhiteElo "1612"]
[BlackElo "2004"]
[Opening "Ruy Lopez: Schliemann defense"]
[ECO "C63"]
[NIC "RL.06"]
[Time "15:40:49"]
[TimeControl "180+0"]

1. e4 e5 2. Nf3 Nc6 3. Bb5 f5 4. Qe2 Nf6 5. Nc3 Nd4 6. Nxd4 exd4 7. e5 Ng8
8. e6 Qe7 9. exd7+ Bxd7 10. Qxe7+ Nxe7 11. Bxd7+ Kxd7 12. Ne2 Nc6 13. d3
Bb4+ 14. c3 dxc3 15. bxc3 Ba5 16. Bd2 Rae8 17. Kd1 Ne5 18. Nf4 g5 19. Nh5
Rhf8 20. Kc2 f4 21. Rhe1 Ng4 22. Rxe8 Kxe8 23. Re1+ Kf7 24. f3 Nh6 25. Re5
Bb6 26. Rxg5 Rg8 27. Rxg8 Nxg8 28. d4 c5 29. Nxf4 cxd4 30. Nd5 Bc5 31. c4
Ne7 32. Bf4 Nf5 33. g4 Nh4 34. Bb8 Nxf3 35. Kd3 Ne5+ 36. Ke4 Nxc4 37. Nc7
Bd6 38. Kd5 Bxh2 39. Kxc4 Be5 40. Kd3 Kg6 41. Bxa7 Bxc7 42. Bxd4 Kg5
{White forfeits on time}
0-1

[Event "ICC Open 2015"]
[Site "Internet Chess Club"]
[Date "2015.05.29"]
[Round "9"]
[White "karodash"]
[Black "iragefree"]
[Result "0-1"]
[ICCResult "White forfeits on time"]
[WhiteElo "1569"]
[BlackElo "1832"]
[Opening "Sicilian: Grand Prix attack"]
[ECO "B23"]
[NIC "SI.44"]
[Time "15:40:27"]
[TimeControl "180+0"]

1. e4 c5 2. Nc3 Nc6 3. f4 g6 4. Nf3 Bg7 5. Bc4 e6 6. O-O Nge7 7. d3 O-O 8.
Qe1 d5 9. Bb3 a6 10. a4 Rb8 11. Qh4 b5 12. f5 exf5 13. exd5 Nd4 14. Bg5 f6
15. d6+ Nxb3 16. dxe7 Qxe7 17. cxb3 fxg5 18. Qxg5 Qxg5 19. Nxg5 b4 20. Nd5
h6 21. Nf3 Re8 22. Rae1 Bb7 23. Nc7 Red8 24. Ne6 Rxd3 25. Nxg7 Kxg7 26. Re7+
Kf6 27. Rfe1 Be4 28. Ra7 Rb6 29. Rc1 Rc6 30. Ne1 Rxb3 31. Ra8 Rxb2 32. Rf8+
Kg7 33. Rb8 h5 34. Nf3 Bxf3 35. gxf3 c4 36. Rb7+ Kh6 {White forfeits on
time} 0-1

[Event "ICC Open 2015"]
[Site "Internet Chess Club"]
[Date "2015.05.29"]
[Round "9"]
[White "Cinzento"]
[Black "mazmar6"]
[Result "1-0"]
[ICCResult "Black checkmated"]
[WhiteElo "1749"]
[BlackElo "2065"]
[Opening "Sicilian: Najdorf, 6...e6"]
[ECO "B95"]
[NIC "SI.04"]
[Time "15:40:33"]
[TimeControl "180+0"]

1. e4 c5 2. Nf3 d6 3. d4 cxd4 4. Nxd4 Nf6 5. Nc3 a6 6. Bg5 e6 7. Qd2 Be7 8.
O-O-O Qc7 9. f4 Nbd7 10. Qf2 b5 11. Bd3 Bb7 12. Rhe1 O-O 13. Qh4 Rfc8 14. e5
dxe5 15. Bxf6 Nxf6 16. fxe5 Ne4 17. Qh3 Bg5+ 18. Kb1 Nxc3+ 19. bxc3 g6 20.
Rf1 Qxc3 21. Nxe6 fxe6 22. Qxe6+ Kh8 23. Rf7 Rc7 24. Bxg6 hxg6 25. Qxg6
Qxc2+ 26. Qxc2 Rxc2 27. Kxc2 Rc8+ 28. Kb2 Bd5 29. Rxd5 Bh6 30. Rdd7 Bg7 31.
Rxg7 b4 32. Rh7+ Kg8 33. Rdg7+ Kf8 34. Ra7 b3 35. Rh8# {Black checkmated}
1-0

[Event "ICC Open 2015"]
[Site "Internet Chess Club"]
[Date "2015.05.29"]
[Round "9"]
[White "fviana"]
[Black "TheCypriot"]
[Result "1/2-1/2"]
[ICCResult "Game drawn because neither player has mating material"]
[WhiteElo "2332"]
[BlackElo "1905"]
[Opening "French: Schlechter variation"]
[ECO "C01"]
[NIC "FR.01"]
[Time "15:40:10"]
[TimeControl "180+0"]

1. e4 e6 2. d4 d5 3. Bd3 dxe4 4. Bxe4 Nf6 5. Bf3 c5 6. Ne2 Nc6 7. c3 Be7 8.
O-O O-O 9. Be3 Qb6 10. Qb3 Rd8 11. Nd2 Nd5 12. Nc4 Qxb3 13. axb3 cxd4 14.
Nxd4 Nxe3 15. fxe3 Bd7 16. Nxc6 Bxc6 17. Bxc6 bxc6 18. Rfd1 Bc5 19. b4 Bb6
20. Kf2 Kf8 21. Kf3 Ke7 22. e4 f6 23. Ke2 Rxd1 24. Rxd1 Rd8 25. Rxd8 Kxd8
26. h3 Ke7 27. g4 g6 28. Kf3 Bc7 29. h4 h5 30. Ne3 Bb6 31. Nc4 Bc7 32. Nd2
a5 33. bxa5 Bxa5 34. Nb3 Bb6 35. Nc1 Kd6 36. Nd3 e5 37. gxh5 gxh5 38. b4 Ke6
39. c4 f5 40. c5 Bd8 41. Nf2 Bxh4 42. exf5+ Kxf5 43. Ne4 Be7 44. Ng3+ Kg5
45. Ne4+ Kf5 46. Ng3+ Kg5 47. Ne2 h4 48. Ng1 Kf5 49. Ke3 Bg5+ 50. Kd3 Kg4
51. Ke4 h3 52. Nxh3 Kxh3 53. Kxe5 Bd2 54. b5 cxb5 55. c6 Kg4 56. Kd5 Bf4 57.
Kc5 Bc7 58. Kxb5 Kf5 59. Ka6 Ke6 60. Kb5 Kd6 61. Kc4 Kxc6
{Game drawn because neither player has mating material}
1/2-1/2

[Event "ICC Open 2015"]
[Site "Internet Chess Club"]
[Date "2015.05.29"]
[Round "9"]
[White "Meditator"]
[Black "Supermister"]
[Result "1-0"]
[ICCResult "Black checkmated"]
[WhiteElo "2281"]
[BlackElo "2094"]
[Opening "QGD: semi-Slav, Abrahams variation"]
[ECO "D31"]
[NIC "SL.06"]
[Time "15:40:12"]
[TimeControl "180+0"]

1. d4 d5 2. c4 e6 3. Nc3 c6 4. Nf3 dxc4 5. a4 Bb4 6. e3 b5 7. Bd2 a5 8. axb5
Bxc3 9. Bxc3 cxb5 10. b3 Bb7 11. bxc4 b4 12. Bb2 Nf6 13. Bd3 O-O 14. O-O
Nbd7 15. Bc2 Qc7 16. Nd2 e5 17. Ba4 Nb6 18. Bb5 a4 19. dxe5 Nfd7 20. Qg4 a3
21. Bd4 Nxe5 22. Qg3 f6 23. c5 Nd5 24. Rfc1 Ra5 25. Bc4 Nxc4 26. Qxc7 Nxc7
27. Rxc4 Bd5 28. Rxb4 Na6 29. Rb6 a2 30. e4 Bf7 31. c6 Rd8 32. Nf3 Ra4 33.
Bc3 Rc8 34. e5 Rc4 35. Bb2 R4xc6 36. Rxc6 Rxc6 37. exf6 Rb6 38. Bd4 Rb1+ 39.
Ne1 Nb4 40. f3 Nc2 41. Rxa2 Nxe1 42. Ra8+ Be8 43. Rxe8+ Kf7 44. Re7+ Kf8 45.
fxg7+ Kxe7 46. g8=Q Nxf3+ 47. Kf2 Nxd4 48. Qg7+ Kd6 49. Qxd4+ Kc6 50. Qe4+
Kc5 51. Qxb1 h5 52. Qc2+ Kd5 53. Qg6 h4 54. Qh5+ Kd4 55. Qxh4+ Kc3 56. g4
Kd3 57. g5 Kd2 58. g6 Kc2 59. g7 Kb2 60. g8=Q Kc2 61. Qgc4+ Kd2 62. Qhd4#
{Black checkmated}
1-0

[Event "ICC Open 2015"]
[Site "Internet Chess Club"]
[Date "2015.05.29"]
[Round "9"]
[White "Pigs"]
[Black "Kseroks"]
[Result "0-1"]
[ICCResult "White forfeits on time"]
[WhiteElo "2084"]
[BlackElo "2811"]
[Opening "Sicilian: Nimzovich-Rossolimo attack (without ...d6)"]
[ECO "B30"]
[NIC "SI.31"]
[Time "15:39:44"]
[TimeControl "180+0"]

1. e4 c5 2. Nf3 Nc6 3. Bb5 Nf6 4. Bxc6 dxc6 5. d3 Nd7 6. O-O e5 7. Be3 b6 8.
a4 Bd6 9. Na3 O-O 10. Nc4 Bc7 11. h3 Qe7 12. a5 b5 13. Ncd2 Rd8 14. Qe2 Nf8
15. Nb3 Ne6 16. c4 bxc4 17. dxc4 Rb8 18. Ra3 Nd4 19. Nbxd4 cxd4 20. Bc1 c5
21. b3 Bb7 22. Nd2 Rd6 23. Qd3 Ra6 24. Bb2 Rxa5 25. Rfa1 Rxa3 26. Rxa3 a6
27. Nf3 h6 28. Ne1 Rf8 29. f3 f5 30. exf5 e4 31. fxe4 Bxe4 32. Qe2 Qe5 33.
Nf3 Bxf3 34. Qxe5 Bxe5 35. gxf3 Rxf5 36. Kf2 Rf6 37. Ra5 Rb6 38. Rxc5 Rxb3
39. Rxe5 Rxb2+ 40. Ke1 Rc2 41. c5 a5 42. Rd5 Kf7 43. Kd1 Rc3 44. Rxd4 Rxc5
45. Ke2 g5 46. h4 Ke6 47. hxg5 hxg5 48. Ra4 Kd6 49. Kf2 Kc6 50. Kg3 Kb5 51.
Ra1 a4 52. Kg4 Kb4 53. Rb1+ Ka3 54. Ra1+ Kb3 55. Rb1+ Kc2 56. Rb8 a3 57. Ra8
Kb3 58. Rb8+ Kc3 59. Ra8 Kb2 {White forfeits on time} 0-1

[Event "ICC Open 2015"]
[Site "Internet Chess Club"]
[Date "2015.05.29"]
[Round "9"]
[White "jonesey"]
[Black "Ancient"]
[Result "0-1"]
[ICCResult "White forfeits on time"]
[WhiteElo "1933"]
[BlackElo "1997"]
[Opening "French: advance, Euwe variation"]
[ECO "C02"]
[NIC "FR.03"]
[Time "15:40:31"]
[TimeControl "180+0"]

1. e4 e6 2. d4 d5 3. e5 c5 4. c3 Nc6 5. Nf3 Bd7 6. Bd3 cxd4 7. cxd4 Qb6 8.
O-O Nxd4 9. Nxd4 Qxd4 10. Nc3 a6 11. Qf3 Rc8 12. Rd1 Qxe5 13. Bf4 Qf6 14.
Qg3 Bc5 15. Re1 Kf8 16. Rad1 Ne7 17. Bg5 Bxf2+ 18. Qxf2 Qxg5 19. Rf1 f6 20.
Qb6 Bc6 21. Rde1 e5 22. Qb4 Kf7 23. Qd6 Rhd8 24. Qxe5 Qxe5 25. Rxe5 Ng6 26.
Rh5 h6 27. Bf5 Bd7 28. Nxd5 Bxf5 29. Rhxf5 Rc2 30. Nc3 Rxb2 31. Rc5 Rdd2
{White forfeits on time}
0-1

[Event "ICC Open 2015"]
[Site "Internet Chess Club"]
[Date "2015.05.29"]
[Round "9"]
[White "Tacticguy"]
[Black "QuintilianoR"]
[Result "0-1"]
[ICCResult "White resigns"]
[WhiteElo "1963"]
[BlackElo "2295"]
[Opening "QGD: exchange, positional line, 6.Qc2"]
[ECO "D36"]
[NIC "QO.16"]
[Time "15:42:22"]
[TimeControl "180+0"]

1. d4 d5 2. c4 e6 3. Nc3 Nf6 4. cxd5 exd5 5. Bg5 c6 6. Qc2 Be7 7. e3 O-O 8.
Bd3 Nbd7 9. Nge2 Re8 10. O-O Nf8 11. Rae1 g6 12. f3 Be6 13. e4 c5 14. e5
N6d7 15. Bxe7 Rxe7 16. f4 cxd4 17. Nxd4 Qb6 18. Qf2 Nc5 19. Bb1 Rae8 20. f5
gxf5 21. Nxf5 Bxf5 22. Nxd5 Nd3 23. Qxb6 axb6 24. Re3 Rxe5 25. Nf6+ Kh8
{White resigns}
0-1

[Event "ICC Open 2015"]
[Site "Internet Chess Club"]
[Date "2015.05.29"]
[Round "9"]
[White "Nos"]
[Black "reydelmambo"]
[Result "1-0"]
[ICCResult "Black checkmated"]
[WhiteElo "2341"]
[BlackElo "1994"]
[Opening "Réti opening"]
[ECO "A04"]
[NIC "RE.13"]
[Time "15:41:00"]
[TimeControl "180+0"]

1. Nf3 c5 2. g3 Nc6 3. Bg2 e5 4. O-O d5 5. c4 d4 6. d3 f6 7. Na3 Be6 8. Nc2
Qd7 9. Re1 Nge7 10. Bd2 g5 11. b4 cxb4 12. Nxb4 Nxb4 13. Bxb4 Ng6 14. Qb3
Kf7 15. Nd2 Rb8 16. Ne4 h5 17. Bxf8 Rhxf8 18. Nc5 Qc7 19. Nxe6 Kxe6 20. Bd5+
Ke7 21. Qa3+ Qd6 22. Qxa7 Qa6 23. Qc5+ Qd6 24. Qxd6+ Kxd6 25. Reb1 b5 26. a4
b4 27. a5 Ne7 28. Bg2 Nc6 29. a6 Na7 30. Ra4 Rb6 31. Raxb4 Rxa6 32. Rb6+
Rxb6 33. Rxb6+ Kc5 34. Ra6 Nc8 35. Ra8 Re8 36. Bb7 Nd6 37. Rxe8 Nxe8 38. h4
gxh4 39. gxh4 Nd6 40. Bf3 Nf5 41. Bxh5 Nxh4 42. Bg4 Ng6 43. Kg2 Ne7 44. Kg3
e4 45. Kf4 exd3 46. exd3 Nc6 47. Kf5 Nb4 48. Be2 Kd6 49. Kxf6 Nc6 50. f4 Ne7
51. Bf3 Ng8+ 52. Kg5 Ne7 53. f5 Ke5 54. f6 Ng8 55. f7 Nf6 56. Kg6 Nd7 57.
Kg7 Kf4 58. Be4 Ke3 59. f8=Q Nxf8 60. Kxf8 Kd2 61. c5 Ke3 62. c6 Kf4 63. c7
Ke5 64. c8=Q Kf4 65. Qc5 Ke3 66. Qd5 Kd2 67. Qxd4 Ke2 68. Qc3 Ke3 69. d4+
Kxe4 70. Qc4 Kf5 71. d5 Ke5 72. Qc6 Kd4 73. d6 Ke3 74. d7 Kd2 75. d8=Q+ Ke2
76. Qe6+ Kf3 77. Qdf6+ Kg2 78. Qg8+ Kh3 79. Qfh8# {Black checkmated} 1-0

[Event "ICC Open 2015"]
[Site "Internet Chess Club"]
[Date "2015.05.29"]
[Round "9"]
[White "kabindra"]
[Black "Attalus"]
[Result "0-1"]
[ICCResult "White forfeits on time"]
[WhiteElo "1739"]
[BlackElo "1386"]
[Opening "French: Tarrasch, open variation"]
[ECO "C07"]
[NIC "FR.18"]
[Time "15:42:50"]
[TimeControl "180+0"]

1. e4 e6 2. d4 d5 3. Nd2 c5 4. c3 c4 5. e5 Bd7 6. Ngf3 Ne7 7. Be2 Nbc6 8.
O-O b5 9. b3 b4 10. cxb4 Nxb4 11. bxc4 Rc8 12. cxd5 Nbxd5 13. Ba6 Rc6 14.
Bb5 Rb6 15. Bxd7+ Qxd7 16. Nb3 Nf5 17. Bg5 Bb4 18. a3 Be7 19. Rc1 O-O 20.
Nc5 Bxc5 21. dxc5 Rc6 22. g4 Nfe7 23. Nd4 Ra6 24. a4 Nc6 25. Nb5 Qb7 26. Nd6
Qb4 27. Ra1 Nxe5 28. h3 Qxc5 29. Ne4 Qb6 30. Rb1 Qc7 31. Rc1 Qa5 32. Qd4
Nf3+ 33. Kg2 Nxd4 34. Rfd1 Qxa4 35. Nc5 Qxd1 36. Rxd1 Ra5 37. Nd7 f6 38.
Nxf8 Kxf8 39. Bd2 Ra2 40. Be1 e5 41. Rb1 Kf7 42. Rb7+ Kg6 43. h4 Nf4+ 44.
Kg3 Nfe2+ 45. Kh2 Nf3+ 46. Kh1 Nxe1 47. h5+ Kg5 48. Rxg7+ Kf4 49. Rxh7 Ra1
50. Kh2 Nf3+ 51. Kg2 Rg1+ 52. Kh3 e4 {White forfeits on time} 0-1

[Event "ICC Open 2015"]
[Site "Internet Chess Club"]
[Date "2015.05.29"]
[Round "9"]
[White "khekhm"]
[Black "AlexSlizhevsky"]
[Result "1-0"]
[ICCResult "Black forfeits on time"]
[WhiteElo "2587"]
[BlackElo "2038"]
[Opening "Sicilian"]
[ECO "B50"]
[NIC "SI.01"]
[Time "15:44:23"]
[TimeControl "180+0"]

1. e4 c5 2. Nf3 d6 3. g3 Nc6 4. Bg2 Nf6 5. Nc3 g6 6. O-O Bg7 7. Re1 O-O 8.
h3 Bd7 9. a3 Rc8 10. Rb1 a5 11. d3 Nd4 12. e5 dxe5 13. Nxe5 b6 14. Nxd7 Qxd7
15. a4 e6 16. b3 Nd5 17. Nxd5 exd5 18. c3 Ne6 19. Bd2 Rfe8 20. Qf3 Rcd8 21.
h4 Nc7 22. h5 Rxe1+ 23. Rxe1 Re8 24. Rxe8+ Qxe8 25. h6 Bh8 26. g4 Qe7 27. g5
Be5 28. Qe3 Qd6 29. d4 Bh8 30. dxc5 bxc5 31. Qf3 Be5 32. Qe2 Kf8 33. Qe1 Ne6
34. b4 cxb4 35. cxb4 Bf4 36. bxa5 Bxd2 37. Qxd2 Nf4 38. Bf1 Qe5 39. Qe3
Qxg5+ 40. Qg3 Qf6 41. a6 Ne6 42. a7 Qd8 43. Qc3 Qa8 44. Qh8+ Ke7 45. Qxa8
Kf6 46. Qb7 Kg5 47. a8=Q Kxh6 48. Qxd5 Kg7 49. Qab7 h5 50. Qxe6 Kh6 51.
Qexf7 Kg5 52. Qbe7+ Kg4 53. Qef6 h4 54. Q7e6+ {Black forfeits on time} 1-0

[Event "ICC Open 2015"]
[Site "Internet Chess Club"]
[Date "2015.05.29"]
[Round "10"]
[White "VerdeNotte"]
[Black "SvMihajlov"]
[Result "1-0"]
[ICCResult "Black resigns"]
[WhiteElo "2921"]
[BlackElo "2271"]
[Opening "Benko's opening"]
[ECO "A00"]
[NIC "VO.09"]
[Time "15:51:32"]
[TimeControl "180+0"]

1. g3 Nf6 2. Bg2 g6 3. e4 d6 4. d4 Bg7 5. Nc3 Nbd7 6. f4 e5 7. fxe5 dxe5 8.
dxe5 Nxe5 9. Qxd8+ Kxd8 10. Bg5 h6 11. O-O-O+ Bd7 12. Bf4 Nh5 13. Bh3 Kc8
14. Bxe5 Bxh3 15. Bxg7 Bg2 16. Bxh8 Bxh1 {Black resigns} 1-0

[Event "ICC Open 2015"]
[Site "Internet Chess Club"]
[Date "2015.05.29"]
[Round "10"]
[White "geographywhiz"]
[Black "chessdjw"]
[Result "0-1"]
[ICCResult "White resigns"]
[WhiteElo "1960"]
[BlackElo "2230"]
[Opening "Nimzo-Indian: 4.e3, main line"]
[ECO "E59"]
[NIC "NI.01"]
[Time "15:51:38"]
[TimeControl "180+0"]

1. d4 Nf6 2. c4 e6 3. Nc3 Bb4 4. e3 O-O 5. Bd3 d5 6. Nf3 dxc4 7. Bxc4 c5 8.
O-O Nc6 9. a3 Bxc3 10. bxc3 Qc7 11. Bd3 e5 12. dxe5 Nxe5 13. Nxe5 Qxe5 14.
Bb2 Bf5 15. Bxf5 Qxf5 16. Qf3 Qxf3 17. gxf3 c4 18. Rfd1 Rfd8 19. Rd4 Rxd4
20. cxd4 b5 21. a4 b4 22. Kf1 c3 23. Bc1 b3 24. Rb1 b2 25. Bxb2 Rb8 26. Rc1
cxb2 27. Rb1 Nd5 {White resigns} 0-1

[Event "ICC Open 2015"]
[Site "Internet Chess Club"]
[Date "2015.05.29"]
[Round "10"]
[White "ErnestoRondon"]
[Black "JEMEM"]
[Result "0-1"]
[ICCResult "White resigns"]
[WhiteElo "1843"]
[BlackElo "1993"]
[Opening "Caro-Kann: advance variation"]
[ECO "B12"]
[NIC "CK.02"]
[Time "15:51:26"]
[TimeControl "180+0"]

1. e4 c6 2. d4 d5 3. e5 c5 4. c3 Nc6 5. f4 cxd4 6. cxd4 h5 7. Nf3 Bf5 8. a3
e6 9. Nc3 f6 10. Bd3 Bxd3 11. f5 Bxf5 12. exf6 Nxf6 13. O-O Bd6 14. h3 O-O
15. Ng5 Qb6 16. Be3 Qxb2 17. Rc1 Qb6 18. Kh1 Na5 19. Bg1 Nc4 20. Qe2 Bc7 21.
Nxe6 Qxe6 22. Qf2 Bh7 23. Rce1 Qd6 24. Qf3 Rae8 25. Rd1 Ne3 {White resigns}
0-1

[Event "ICC Open 2015"]
[Site "Internet Chess Club"]
[Date "2015.05.29"]
[Round "10"]
[White "noyb"]
[Black "MojoRising"]
[Result "1-0"]
[ICCResult "Black resigns"]
[WhiteElo "1658"]
[BlackElo "2237"]
[Opening "Queen's bishop game"]
[ECO "D02"]
[NIC "QP.08"]
[Time "15:52:04"]
[TimeControl "180+0"]

1. d4 d5 2. Nf3 Nf6 3. Bf4 Bf5 4. e3 c6 5. c4 Bg4 6. Qb3 Qb6 7. c5 Qxb3 8.
axb3 Nh5 9. Bxb8 Rxb8 10. Rxa7 Bf5 11. Nc3 e6 12. Be2 Nf6 13. O-O Be7 14. b4
O-O 15. b5 Rfe8 16. Ne5 cxb5 17. Bxb5 Rec8 18. b4 Bd8 19. Rfa1 Ne8 20. Nd7
Nc7 21. Nxb8 Nxb5 22. Nxb5 Rxb8 23. Ra8 {Black resigns} 1-0

[Event "ICC Open 2015"]
[Site "Internet Chess Club"]
[Date "2015.05.29"]
[Round "10"]
[White "bigali"]
[Black "IlValentino"]
[Result "1-0"]
[ICCResult "Black resigns"]
[WhiteElo "1601"]
[BlackElo "1424"]
[Opening "French: Winawer (Nimzovich) variation"]
[ECO "C15"]
[NIC "FR.08"]
[Time "15:51:44"]
[TimeControl "180+0"]

1. e4 e6 2. d4 d5 3. Nc3 Bb4 4. Bd3 c5 5. dxc5 Bxc3+ 6. bxc3 Nf6 7. exd5
Nxd5 8. Nf3 h6 9. O-O O-O 10. Bb2 Nc6 11. c4 Nf6 12. Qe2 Qa5 13. Rfd1 Qd8
14. Bh7+ {Black resigns} 1-0

[Event "ICC Open 2015"]
[Site "Internet Chess Club"]
[Date "2015.05.29"]
[Round "10"]
[White "PaYbAcK"]
[Black "HSK"]
[Result "1-0"]
[ICCResult "Black resigns"]
[WhiteElo "2658"]
[BlackElo "2244"]
[Opening "English: four knights, kingside fianchetto"]
[ECO "A29"]
[NIC "EO.04"]
[Time "15:51:50"]
[TimeControl "180+0"]

1. c4 e5 2. Nc3 Nf6 3. Nf3 Nc6 4. g3 Bc5 5. Nxe5 Bxf2+ 6. Kxf2 Nxe5 7. e4
Nfg4+ 8. Kg2 Qf6 9. Qe2 c6 10. d4 Nd3 11. Be3 Nxe3+ 12. Qxe3 Nxb2 13. Rb1 h5
14. Rxb2 h4 15. Rf2 Qg6 16. e5 hxg3 17. hxg3 Rxh1 18. Kxh1 {Black resigns}
1-0

[Event "ICC Open 2015"]
[Site "Internet Chess Club"]
[Date "2015.05.29"]
[Round "10"]
[White "Galaad"]
[Black "BornReti"]
[Result "1-0"]
[ICCResult "Black resigns"]
[WhiteElo "2012"]
[BlackElo "1798"]
[Opening "Queen's Indian: old main line, 7.Nc3"]
[ECO "E18"]
[NIC "QI.09"]
[Time "15:52:47"]
[TimeControl "180+0"]

1. d4 Nf6 2. c4 e6 3. Nf3 b6 4. g3 Bb7 5. Bg2 Be7 6. O-O O-O 7. Nc3 c5 8. d5
d6 9. dxe6 fxe6 10. Qc2 Nc6 11. Rd1 e5 12. a3 Nd4 13. Nxd4 exd4 14. Bxb7 Rb8
15. Bd5+ {Black resigns} 1-0

[Event "ICC Open 2015"]
[Site "Internet Chess Club"]
[Date "2015.05.29"]
[Round "10"]
[White "Vladimirovich"]
[Black "fireland"]
[Result "1/2-1/2"]
[ICCResult "Game drawn by mutual agreement"]
[WhiteElo "3286"]
[BlackElo "3106"]
[Opening "Trompowsky attack (Ruth, Opocenský opening)"]
[ECO "A45"]
[NIC "QP.07"]
[Time "15:51:45"]
[TimeControl "180+0"]

1. d4 Nf6 2. Bg5 Ne4 3. Bf4 d5 4. e3 c5 5. Bd3 Nf6 6. c3 Nc6 7. h3 e6 8. Nd2
Be7 9. Ngf3 O-O 10. O-O b6 11. Ne5 Bb7 12. Bh2 Nxe5 13. Bxe5 Bd6 14. f4 Ne4
15. Nxe4 dxe4 16. Be2 Be7 17. f5 Bg5 18. fxe6 Bxe3+ 19. Kh2 fxe6 20. Bc4 Bd5
21. Qg4 Qe7 22. Be2 cxd4 23. cxd4 Rxf1 24. Rxf1 Rf8 25. Qg3 Rxf1 26. Bxf1
Bg5 27. a3 Bf6 28. Bxf6 Qxf6 29. Qb8+ Qf8 30. Qxf8+ Kxf8 31. Kg3
{Game drawn by mutual agreement}
1/2-1/2

[Event "ICC Open 2015"]
[Site "Internet Chess Club"]
[Date "2015.05.29"]
[Round "10"]
[White "klodshans"]
[Black "NAS"]
[Result "0-1"]
[ICCResult "White checkmated"]
[WhiteElo "1532"]
[BlackElo "1692"]
[Opening "Queen's pawn, Mason variation"]
[ECO "D00"]
[NIC "QP.08"]
[Time "15:52:06"]
[TimeControl "180+0"]

1. d4 d5 2. Bf4 Nf6 3. e3 e6 4. Nd2 Bd6 5. Bg5 Nbd7 6. Ngf3 h6 7. Bh4 g5 8.
Bg3 Bxg3 9. hxg3 Qe7 10. c4 dxc4 11. Bxc4 Nb6 12. Bb3 Bd7 13. e4 O-O-O 14.
O-O Rdg8 15. Ne5 h5 16. Ndc4 Nxc4 17. Bxc4 g4 18. a4 Nxe4 19. Rc1 h4 20.
Nxd7 Qxd7 21. Bb5 Qe7 22. d5 hxg3 23. Qc2 Rh1+ 24. Kxh1 Qh4+ 25. Kg1 Qh2#
{White checkmated}
0-1

[Event "ICC Open 2015"]
[Site "Internet Chess Club"]
[Date "2015.05.29"]
[Round "10"]
[White "vicmel"]
[Black "Pancake"]
[Result "1-0"]
[ICCResult "Black checkmated"]
[WhiteElo "1948"]
[BlackElo "1745"]
[Opening "Ruy Lopez: Berlin defense"]
[ECO "C65"]
[NIC "RL.07"]
[Time "15:51:24"]
[TimeControl "180+0"]

1. e4 e5 2. Nf3 Nc6 3. Bb5 Nf6 4. d3 Bc5 5. c3 d6 6. O-O O-O 7. h3 Ne7 8.
Ba4 c6 9. b4 Bb6 10. Bc2 Ng6 11. Nbd2 Re8 12. Nc4 Bc7 13. a4 h6 14. Re1 d5
15. exd5 cxd5 16. Ne3 Qd6 17. Ba3 e4 18. b5 Qf4 19. dxe4 dxe4 20. Nd5 Nxd5
21. Qxd5 exf3 22. Rxe8+ Nf8 23. g3 Qf6 24. Rae1 Bxg3 25. Rxf8#
{Black checkmated}
1-0

[Event "ICC Open 2015"]
[Site "Internet Chess Club"]
[Date "2015.05.29"]
[Round "10"]
[White "JCarllsen"]
[Black "Spirals"]
[Result "0-1"]
[ICCResult "White resigns"]
[WhiteElo "1804"]
[BlackElo "2143"]
[Opening "Sicilian: Canal-Sokolsky attack, 3...Bd7"]
[ECO "B52"]
[NIC "SI.01"]
[Time "15:52:56"]
[TimeControl "180+0"]

1. e4 c5 2. Nf3 d6 3. Bb5+ Bd7 4. Bxd7+ Qxd7 5. O-O Nc6 6. c3 e5 7. d4 Nf6
8. d5 Ne7 9. Nfd2 Ng6 10. a4 Be7 11. Nc4 O-O 12. g3 Nxe4 13. f3 Nf6 14. Nbd2
Ne8 15. Ne4 f5 16. Ng5 Bxg5 17. Bxg5 h6 18. Bd2 Nf6 19. Be1 Rfd8 20. Bf2 Qf7
21. Na5 Nxd5 22. c4 Nb4 23. Qb3 b6 {White resigns} 0-1

[Event "ICC Open 2015"]
[Site "Internet Chess Club"]
[Date "2015.05.29"]
[Round "10"]
[White "MoonlightWizard"]
[Black "Glamurius"]
[Result "0-1"]
[ICCResult "White resigns"]
[WhiteElo "2979"]
[BlackElo "3043"]
[Opening "Scandinavian: Pytel-Wade variation"]
[ECO "B01"]
[NIC "SD.02"]
[Time "15:51:58"]
[TimeControl "180+0"]

1. e4 d5 2. exd5 Qxd5 3. Nc3 Qd6 4. d4 Nf6 5. Bc4 Bg4 6. f3 Bf5 7. Nge2 Nc6
8. Bf4 Qd7 9. O-O e6 10. Qd2 O-O-O 11. Be3 h6 12. Bb5 g5 13. Rfd1 Rg8 14.
Qe1 Nd5 15. Nxd5 exd5 16. c4 a6 17. Ba4 Qe6 18. Qf2 dxc4 19. Nc3 Nb4 20. b3
Nc2 21. Bd2 Nxa1 22. Rxa1 Bg7 23. Be3 Qxe3 {White resigns} 0-1

[Event "ICC Open 2015"]
[Site "Internet Chess Club"]
[Date "2015.05.29"]
[Round "10"]
[White "DeepHmmm"]
[Black "MythBulletChess"]
[Result "1-0"]
[ICCResult "Black resigns"]
[WhiteElo "1793"]
[BlackElo "1558"]
[Opening "Sicilian: dragon, Yugoslav attack, 9.Bc4"]
[ECO "B77"]
[NIC "SI.18"]
[Time "15:52:43"]
[TimeControl "180+0"]

1. e4 c5 2. Nf3 d6 3. d4 cxd4 4. Nxd4 Nf6 5. Nc3 g6 6. Be3 Bg7 7. f3 O-O 8.
Qd2 Nc6 9. Bc4 a6 10. O-O-O e6 11. Bb3 d5 12. exd5 Nxd5 13. Nxd5 exd5 14.
Nxc6 bxc6 15. Bd4 Be6 16. h4 h5 17. g4 hxg4 18. h5 gxf3 19. hxg6 fxg6 20.
Bxg7 Kxg7 21. Qh6+ Kf7 22. Qh7+ Ke8 23. Qxg6+ Bf7 24. Qxc6+ Ke7 25. Rhe1+
{Black resigns}
1-0

[Event "ICC Open 2015"]
[Site "Internet Chess Club"]
[Date "2015.05.29"]
[Round "10"]
[White "BV220364"]
[Black "Snooze"]
[Result "0-1"]
[ICCResult "White resigns"]
[WhiteElo "1752"]
[BlackElo "1913"]
[Opening "Queen's pawn game, Chigorin variation"]
[ECO "D02"]
[NIC "QP.09"]
[Time "15:53:06"]
[TimeControl "180+0"]

1. Nf3 d5 2. d4 Nc6 3. g3 Nf6 4. Bg2 Bf5 5. Ne5 e6 6. c3 Be7 7. Nd2 O-O 8.
Nxc6 bxc6 9. b4 a5 10. a3 axb4 11. cxb4 Bxb4 12. O-O Bd6 13. Nb3 Qe7 14. Bb2
Rfb8 15. Rc1 Bxa3 16. Bxa3 Rxa3 17. Nc5 Rb2 {White resigns} 0-1